 Dungeon Crawl Stone Soup version 0.26-a0-712-ga5a9c9c9d0 (webtiles) character file.

Game seed: 6359074923203154115

648465 kae the Wrestler (level 27, -22/367 HPs)
             Began as a Naga Transmuter on Nov 4, 2020.
             Was the Champion of Cheibriados.
             Killed from afar by an orb of fire (26 damage)
             ... with a fireball
             ... on level 5 of the Realm of Zot.
             The game lasted 01:15:01 (77851 turns).

kae the Wrestler (Naga Transmuter)                 Turns: 77851, Time: 01:15:01

Health: -22/367    AC: 32    Str: 37    XL:     27
Magic:  37/37      EV: 35    Int: 33    God:    Cheibriados [******]
Gold:   10323      SH: 11    Dex: 37    Spells: 0/44 levels left

rFire    . . .     SeeInvis +     - Unarmed
rCold    . . .     Faith    .   (no shield)
rNeg     + . .     Spirit   .   (armour currently unavailable)
rPois    ∞         Reflect  +   (no helmet)
rElec    +         Harm     .   q - +2 cloak {rCorr}
rCorr    +         Rampage  .   (gloves currently unavailable)
MR       ++++.                  (no barding)
Stlth    ++++++....             P - amulet "Dent" {Reflect MP+9 SH+5}
HPRegen  0.71/turn              r - +6 ring of dexterity (curse)
MPRegen  0.25/turn              h - ring of Zuhup {rElec Int+2 Dex+3 SInv}

@: statue-form, studying 2 skills, very slow
A: large, large bone plates 2, see invisible, deformed body, deterioration 1,
low mp 2, magic resistance 1, poison resistance, spit poison 1, no potion heal
1, constrict 1, AC +9
}: 3/15 runes: decaying, serpentine, silver
a: Spit Poison, End Transformation, Bend Time, Temporal Distortion, Slouch, Step
From Time, Renounce Religion


You were on level 5 of the Realm of Zot.
You worshipped Cheibriados.
Cheibriados was exalted by your worship.
You were a stone statue.
You visited 10 branches of the dungeon, and saw 50 of its levels.
You visited the Abyss 2 times.
You also visited: Ossuary and Ice Cave.

You collected 11976 gold pieces.
You spent 1653 gold pieces at shops.

Inventory:

Armour
 a - a +2 robe (melded)
 q - a +2 cloak of preservation (worn)
 M - a +4 barding of cold resistance (melded)
 X - the +0 pair of gloves of Casiwul (melded) {Rampage Dex+4}
   (You found it on level 2 of the Swamp)

   It affects your dexterity (+4).
   It bestows one free step when moving towards enemies.
   Cheibriados disapproves of the use of such an item.
Jewellery
 h - the ring of Zuhup (right hand) {rElec Int+2 Dex+3 SInv}
   (You took it off a deep elf sorcerer on level 5 of the Vaults)

   [ring of see invisible]

   It affects your intelligence (+2).
   It affects your dexterity (+3).
   It insulates you from electricity.
   It lets you see invisible.
 r - a cursed +6 ring of dexterity (left hand)
 s - an uncursed ring of ice
 K - an uncursed ring of protection from magic
 L - an uncursed ring of protection from cold
 P - the amulet "Dent" (around neck) {Reflect MP+9 SH+5}
   (You acquired it on level 13 of the Dungeon)

   [amulet of reflection]

   It shields you and reflects attacks.
   It affects your magic capacity (+9).
   It affects your SH (+5).
 R - an uncursed ring of magical power
 V - an uncursed ring of resist corrosion
 Y - an uncursed ring of flight
Wands
 f - a wand of paralysis (28)
 i - a wand of flame (92)
 z - a wand of polymorph (63)
 F - a wand of iceblast (30)
 G - a wand of disintegration (66)
 O - a wand of digging (9)
 S - a wand of enslavement (16)
 W - a wand of acid (22)
Scrolls
 j - 23 scrolls of teleportation
 l - 46 scrolls of remove curse
 o - 2 scrolls of silence
 t - 24 scrolls of identify
 u - 4 scrolls of summoning
 A - a scroll of holy word
 B - 18 scrolls of amnesia
 C - 6 scrolls of enchant armour
 D - 2 scrolls of blinking
 J - a scroll of torment
 N - a scroll of magic mapping
 T - 3 scrolls of fog
 U - 5 scrolls of fear
Potions
 b - 2 potions of cancellation
 c - 7 potions of might
 d - 7 potions of berserk rage
 e - 10 potions of stabbing
 g - 10 potions of brilliance
 k - 8 potions of flight
 m - 16 potions of curing
 p - 4 potions of mutation
 v - 7 potions of heal wounds
 w - 5 potions of magic
 E - 11 potions of lignification
 I - 2 potions of invisibility
 Q - 5 potions of ambrosia
 Z - 3 potions of resistance
Books
 n - a manual of Hexes
 y - a manual of Armour


   Skills:
 + Level 23.6 Fighting
 - Level 7.0 Armour
 + Level 21.0 Dodging
 - Level 10.0 Stealth
 + Level 24.9 Unarmed Combat
 - Level 9.0 Spellcasting
 - Level 16.0 Transmutations
 - Level 4.0 Ice Magic
 - Level 8.0 Earth Magic
 - Level 4.0 Poison Magic
 - Level 12.0 Invocations
 - Level 7.0 Evocations


You couldn't memorise any spells.
You knew the following spells:

 Your Spells              Type           Power        Failure   Level
a - Beastly Appendage     Tmut           ######       0%          1
b - Spider Form           Tmut/Pois      ######....   1%          3
c - Blade Hands           Tmut           #######...   1%          5
d - Ice Form              Ice/Tmut       ######..     1%          4
e - Statue Form           Tmut/Erth      #######..    3%          6
f - Irradiate             Conj/Tmut      ######....   3%          5
g - Dragon Form           Tmut           #######...   3%          7
h - Yara's Violent Unrav  Hex/Tmut       ######....   3%          5
i - Necromutation         Tmut/Necr      ######....   100%        8

Your spell library contained the following spells:

 Spells                   Type           Power        Failure   Level
 Wereblood                Tmut           #######.     0%          2
 Sting                    Tmut/Pois      ####         1%          1
 Ensorcelled Hibernation  Hex/Ice        ####..       1%          2
 Passwall                 Tmut/Erth      #######.     1%          2
 Poisonous Vapours        Pois/Air       ####..       1%          2
 Ignite Poison            Fire/Tmut/Pois ######..     1%          3
 Stone Arrow              Conj/Erth      #####.       1%          3
 Alistair's Intoxication  Tmut/Pois      ######...    1%          5
 Hydra Form               Tmut           #######...   1%          6
 Animate Skeleton         Necr           ##....       3%          1
 Apportation              Tloc           ##....       3%          1
 Corona                   Hex            ##.....      3%          1
 Foxfire                  Conj/Fire      ##..         3%          1
 Magic Dart               Conj           ##..         3%          1
 Pain                     Necr           ##..         3%          1
 Shock                    Conj/Air       ##..         3%          1
 Summon Small Mammal      Summ           ##..         3%          1
 Lee's Rapid Deconstruct  Erth           ######....   3%          5
 Blink                    Tloc           N/A          4%          2
 Call Imp                 Summ           ##......     4%          2
 Corpse Rot               Necr/Air       N/A          4%          2
 Slow                     Hex            ##......     4%          2
 Sublimation of Blood     Necr           ##........   4%          2
 Swiftness                Air            ##......     4%          2
 Mephitic Cloud           Conj/Pois/Air  ###.....     5%          3
 Olgreb's Toxic Radiance  Pois           #####...     6%          4
 Call Canine Familiar     Summ           ##......     10%         3
 Confusing Touch          Hex            ##......     10%         3
 Conjure Flame            Conj/Fire      ##......     10%         3
 Dazzling Flash           Conj/Hex       ##....       10%         3
 Gell's Gravitas          Tloc           ##........   10%         3
 Lesser Beckoning         Tloc           ##........   10%         3
 Static Discharge         Conj/Air       ##......     10%         3
 Summon Guardian Golem    Hex/Summ       ##......     10%         3
 Teleport Other           Tloc           ##......     10%         3
 Tukima's Dance           Hex            ##......     10%         3
 Vampiric Draining        Necr           ##........   10%         3
 Summon Ice Beast         Ice/Summ       ####....     14%         4
 Airstrike                Air            ##........   30%         4
 Cause Fear               Hex            ##........   30%         4
 Dispel Undead            Necr           ##......     30%         4
 Passage of Golubria      Tloc           N/A          30%         4
 Sticky Flame             Conj/Fire      ##......     30%         4
 Summon Lightning Spire   Summ/Air       ##......     30%         4
 Bolt of Magma            Conj/Fire/Erth ####......   30%         5
 Metabolic Englaciation   Hex/Ice        ####......   36%         5
 Agony                    Necr           ##......     65%         5
 Excruciating Wounds      Necr           ##........   65%         5
 Fireball                 Conj/Fire      ##........   65%         5
 Iskenderun's Battlesphe  Conj           ##......     65%         5
 Lightning Bolt           Conj/Air       ##........   65%         5
 Silence                  Hex/Air        ##........   65%         5
 Summon Demon             Summ           ##........   65%         5
 Summon Forest            Summ/Tloc      ##........   65%         5
 Summon Mana Viper        Hex/Summ       ##......     65%         5
 Iron Shot                Conj/Erth      #####.....   67%         6
 Ozocubu's Refrigeration  Ice            #####.....   67%         6
 Simulacrum               Ice/Necr       ####......   91%         6
 Freezing Cloud           Conj/Ice/Air   ###.......   96%         6
 Death Channel            Necr           ##........   99%         6
 Invisibility             Hex            ##......     99%         6
 Shadow Creatures         Summ           N/A          99%         6
 Starburst                Conj/Fire      ##........   99%         6
 Haunt                    Necr/Summ      ##........   100%        7
 Malign Gateway           Summ/Tloc      ##........   100%        7
 Monstrous Menagerie      Summ           ##........   100%        7
 Orb of Destruction       Conj           ##........   100%        7
 Spellforged Servitor     Conj/Summ      ##........   100%        7
 Summon Greater Demon     Summ           ##........   100%        7
 Summon Hydra             Summ           ##........   100%        7
 Borgnjor's Revivificati  Necr           ##........   100%        8
 Discord                  Hex            ##........   100%        8
 Ignition                 Fire           ##........   100%        8
 Infestation              Necr           ##........   100%        8
 Summon Horrible Things   Summ           ##........   100%        8
 Death's Door             Necr           ##........   100%        9
 Dragon's Call            Summ           ##........   100%        9


Dungeon Overview and Level Annotations

Branches:
Dungeon (15/15)            Temple (1/1) D:7            Lair (6/6) D:9
  Swamp (4/4) Lair:4        Snake (4/4) Lair:4        Slime (0/5) Lair:5
    Orc (2/2) D:10            Elf (3/3) Orc:2        Vaults (5/5) D:13
  Crypt (0/3) Vaults:2     Depths (5/5) D:15            Zot (5/5) Depths:5
Ossuary (visited)           IceCv (visited)

Altars:
Ashenzari
Cheibriados
Dithmenos
Elyvilon
Fedhas
Gozag
Hepliaklqana
Kikubaaqudgha
Makhleb
Nemelex Xobeh
Okawaru
Qazlal
Ru
Sif Muna
Trog
Uskayaw
Vehumet
Wu Jian
Xom
Yredelemnul
Zin
The Shining One
Beogh
Jiyva

Shops:
D:7 [   D:11 !   D:15 }   Orc:2 (?:*[=*!   Elf:1 }   Elf:2 (([   Snake:3 }}
Vaults:2 (   Vaults:4 =[([   Vaults:5 ????   Depths:1 !*:?

Portals:
Hell: Depths:1 Depths:2 Depths:3 Depths:4 Depths:5
Abyss: Depths:3 Depths:4
Pandemonium: Depths:3
Ziggurat: Depths:3

Annotations:
D:3 exclusion: upstairs
D:10 exclusion: 2 oklob plants
Depths:3 2 runed translucent doors
Depths:5 1 runed translucent door, Vevoth Taqom's ghost, adept SpEn


Innate Abilities, Weirdness & Mutations

You cannot wear boots.
((Your serpentine skin is tough. (AC +9)))
You have supernaturally acute eyesight. (SInv)
Armour fits poorly on your strangely shaped body.
Your system is resistant to poisons. (rPois)
((You cover ground very slowly.))
You can spit poison.
You can use your snake-like lower body to constrict enemies.
You are mostly covered in large bone plates. (SH +6)
Your body sometimes deteriorates upon taking damage.
Your magical capacity is very low. (-20% MP)
You are resistant to hostile enchantments. (MR+)
Potions are less effective at restoring your health.


Message History

Okay, then.
Press: ? - help, Dir - move target cursor
As you read the scroll of blinking, it crumbles to dust.
The orb of fire glows bright magenta.
Strange energies course through your body.
You feel less energetic.
The orb of fire glows red.
Strange energies course through your body.
You feel resistant to hostile enchantments.
The orb of fire glows deep purple.
The bolt of fire misses you.
The orb of fire glows bright magenta.
The fireball explodes!
The fireball engulfs the orb of fire.
The orb of fire completely resists.
The fireball engulfs you!!!
* * * LOW HITPOINT WARNING * * *
Press: ? - help, Dir - move target cursor
As you read the scroll of blinking, it crumbles to dust.
The orb of fire glows bright magenta.
The fireball explodes!
The fireball engulfs you!!
You die...

..###.....#..#####.##...#.##.....
..........#..................##..
................###.##.##........
..####.|.##...#####....##........
..# #...##............##..^.....
..####...##..##........#...#.....
.........##..##.....##.#...#.##.#
....#....##..##..................
.............###8................
#.......#.#...##..#.##.....##.#.#
..............##..#.##..#####'#.#
........#.#...##§.#.##..........#
#.###.........##*.#..............
#.###.........##*.#.##..##......#
....................##...........
###▓▓▓▓########.########▓▓▓▓#####
,,** #...............# **,,,,


You could see 2 orbs of fire.

Vanquished Creatures
  An ancient lich (Vaults:5)
  2 orbs of fire
  Mennas (Vaults:2)
  The ghost of Dyalist the Unseen, a legendary GnFi of Okawaru (Elf:1)
  A juggernaut (shapeshifter) (Depths:3)
  Margery (Vaults:2)
  A curse toe (Zot:3)
  12 golden dragons
  Nikola (Snake:1)
  A bone dragon (Depths:5)
  4 electric golems
  Jorgrun (D:14)
  A hellephant (Vaults:1)
  16 tentacled monstrosities
  An Ice Fiend (IceCv)
  3 titans
  10 Orb Guardians (Zot:5)
  Rupert (D:15)
  4 liches
  4 quicksilver dragons
  Asterion (Snake:1)
  2 deep elf blademasters
  9 sphinxes
  2 deep elf master archers (Elf:3)
  An Executioner (Abyss:2)
  2 tentacled starspawn (Abyss:2)
  3 death cobs
  14 shadow dragons
  Kirke (D:15)
  3 thorn hunters
  15 tengu reavers
  11 storm dragons
  5 draconian monks
  Donald (Vaults:1)
  Roxanne (Snake:2)
  21 nagarajas
  5 draconian knights
  A revenant (Vaults:2)
  16 frost giants
  13 fire giants
  6 draconian scorchers
  11 vault wardens
  11 deep elf sorcerers
  2 orc warlords (Orc:2)
  Aizul (Snake:1)
  2 iron dragons
  3 draconian shifters
  6 draconian annihilators
  2 deep elf elementalists (Elf:3)
  Louise (D:14)
  2 angels
  A curse skull (Vaults:2)
  19 ironheart preservers
  2 spriggan defenders (Depths:3)
  33 very ugly things
  2 draconian stormcallers
  2 war gargoyles
  22 stone giants
  2 vampire knights (Depths:3)
  An entropy weaver (Vaults:2)
  4 green draconians
  7 deep elf demonologists
  Azrael (D:15)
  8 black draconians
  8 spark wasps
  14 red draconians
  10 deep elf annihilators (Elf:3)
  8 purple draconians
  A dire elephant (Lair:6)
  9 white draconians
  A merfolk javelineer (Depths:2)
  9 yellow draconians
  20 ettins
  8 deep elf death magi
  13 fire dragons
  16 yaktaur captains
  10 deep elf high priests
  2 jiangshi (Vaults:2)
  19 ogre magi
  5 great orbs of eyes
  25 naga warriors
  Fannar (D:10)
  7 boulder beetles
  A boulder beetle (shapeshifter) (Vaults:3)
  2 ghost crabs (Swamp:3)
  26 vault guards
  Harold (D:10)
  An ice dragon (shapeshifter) (Vaults:4)
  10 rakshasas
  3 shambling mangroves
  13 ice dragons
  31 hydras
  5 spriggan air magi
  4 death knights
  11 centaur warriors
  10 alligators
  4 anacondas
  26 dancing weapons
  2 catoblepae
  53 two-headed ogres
  12 deep troll shamans
  A death yak (Lair:3)
  18 deep troll earth magi
  A thrashing horror (Abyss:2)
  2 orc high priests (Depths:1)
  4 tengu warriors
  3 vampire magi
  5 spriggan berserkers
  7 shock serpents
  A titan zombie (Vaults:4)
  A soul eater (Depths:5)
  A shock serpent (shapeshifter) (Abyss:2)
  13 naga sharpshooters
  Urug (D:11)
  25 deep elf knights
  2 wretched stars (Abyss:2)
  3 salamander mystics
  A fire crab (shapeshifter) (Depths:2)
  6 skeletal warriors
  46 deep trolls
  A spriggan druid (Swamp:3)
  7 glowing orange brains
  24 hell knights
  2 shadow demons (Depths:1)
  A death drake (Swamp:3)
  15 swamp dragons
  An anaconda zombie (Abyss:2)
  An orange crystal statue (Swamp:2)
  6 unseen horrors
  6 flayed ghosts
  A glowing orange brain (shapeshifter) (Vaults:5)
  18 deep elf archers
  6 wizards
  A harpy (shapeshifter) (Vaults:4)
  6 naga ritualists
  A lindwurm (Lair:6)
  Pikel (D:6)
  68 deep elf magi
  9 ironbrand convokers
  A shadow dragon zombie (D:15)
  9 mana vipers
  4 phantasmal warriors
  6 necromancers
  2 spectral hydras (Swamp:3)
  14 orc knights
  29 ugly things
  3 wolf spiders
  39 slime creatures
  2 human zombies
  12 oklob plants
  4 orc sorcerers
  A tengu skeleton (Vaults:4)
  12 cyclopes
  29 naga magi
  A human skeleton (Vaults:1)
  23 moths of wrath
  A shadow dragon skeleton (Vaults:4)
  11 salamanders
  5 manticores
  A salamander (shapeshifter) (Vaults:5)
  A black mamba (shapeshifter) (Vaults:4)
  3 ice statues (IceCv)
  4 elephants
  Psyche (D:9)
  33 black mambas
  Joseph (D:10)
  5 guardian serpents
  15 vault sentinels
  An elephant (shapeshifter) (Vaults:5)
  A smoke demon (Abyss:2)
  A guardian serpent (shapeshifter) (Vaults:3)
  17 cane toads
  A gargoyle (D:14)
  A torpor snail (Lair:2)
  A spriggan zombie (D:15)
  An efreet (Abyss:2)
  3 kobold demonologists
  4 freezing wraiths
  6 centaur skeletons
  54 yaktaurs
  8 rime drakes
  5 swamp worm zombies (Swamp:3)
  9 ice devils (IceCv)
  8 komodo dragons
  A yaktaur (shapeshifter) (Depths:5)
  2 hellions
  A hellwing (Depths:5)
  2 anaconda simulacra (IceCv)
  4 polar bears
  9 trolls
  A jumping spider (shapeshifter) (Depths:3)
  2 meliai (shapeshifter)
  2 tengu conjurers
  18 hornets
  17 bog bodies
  23 blink frogs
  10 tyrant leeches
  15 dream sheep
  4 spectral swamp dragons (Swamp:3)
  2 redbacks (Vaults:2)
  2 air elementals
  An alligator skeleton (Abyss:2)
  8 water elementals
  3 wyverns
  4 shadows
  3 dire elephant simulacra
  9 spriggans
  A vampire (D:13)
  2 ynoxinuls (Abyss:2)
  9 small abominations
  3 wraiths
  Eustachio (D:4)
  4 tyrant leech zombies (Swamp:3)
  A steam dragon (Lair:6)
  43 yaks
  9 basilisks
  6 fire elementals
  19 vampire mosquitoes
  A chaos spawn (Abyss:2)
  12 large abominations
  5 insubstantial wisps (Swamp:3)
  6 wargs
  19 swamp worms
  81 nagas
  4 harpy simulacra (IceCv)
  6 cane toad zombies (Swamp:3)
  A soldier ant (D:13)
  An acid dragon (shapeshifter) (Vaults:2)
  2 hydra simulacra
  A floating eye (shapeshifter) (Vaults:2)
  19 water moccasins
  3 hell hounds (D:15)
  59 orc warriors
  11 swamp drakes
  A floating eye (Depths:3)
  5 ice beasts
  An ice beast (shapeshifter) (D:15)
  2 black bears
  4 phantoms
  3 sky beasts
  An eye of draining (D:12)
  An orc zombie (Vaults:1)
  A black mamba simulacrum (Abyss:2)
  An ettin simulacrum (IceCv)
  47 ogres
  16 boggarts
  14 wolves
  5 necrophages
  23 centaurs
  A big kobold (shapeshifter) (Vaults:5)
  A big kobold (D:15)
  A yaktaur zombie (Vaults:1)
  21 bullfrogs
  4 earth elementals
  An elf zombie (Ossuary)
  A wyvern zombie (D:9)
  3 scorpions
  A troll zombie (Swamp:3)
  A blink frog simulacrum (Lair:3)
  12 wights
  6 killer bees
  2 howler monkeys
  3 crimson imps
  A bullfrog zombie (D:11)
  A komodo dragon simulacrum (Lair:3)
  A quasit (D:10)
  6 centaur zombies
  A human simulacrum (Vaults:1)
  14 orc priests
  20 orc wizards
  6 hounds
  Crazy Yiuf (D:5)
  3 bullfrog skeletons
  2 iron imps
  3 jellies
  10 hell rats
  15 iguanas
  11 worker ants
  2 yak simulacra (Lair:3)
  A big kobold zombie (Ossuary)
  An ogre zombie (Ossuary)
  2 mummies (Ossuary)
  3 gnolls (D:9)
  A gnoll (shapeshifter) (Vaults:5)
  9 adders
  A shadow imp (D:5)
  7 white imps
  2 ufetubi
  An ooze (D:3)
  An adder skeleton (D:4)
  3 adder zombies
  4 worms
  3 dart slugs
  A leopard gecko (D:10)
  85 orcs
  2 ball pythons
  8 giant cockroaches
  4 goblins
  6 hobgoblins
  11 jackals
  6 quokkas
  9 bats
  2 frilled lizards
  4 goblin zombies (Ossuary)
  5 hobgoblin zombies (Ossuary)
  A jackal zombie (D:5)
  7 kobolds
  4 kobold zombies (Ossuary)
  A leopard gecko skeleton (D:7)
  2 quokka skeletons
  5 quokka zombies (Ossuary)
  5 rats
  3 rat zombies (Ossuary)
  3 bushes (Zot:2)
  3 crawling corpses
  2 plants (Zot:2)
  A starspawn tentacle (Abyss:2)
2426 creatures vanquished.

Vanquished Creatures (others)
  A vampire knight (Depths:3)
  A deep elf death mage (Elf:3)
  A deep elf knight (Elf:3)
  A phantasmal warrior (Vaults:5)
  A tengu skeleton (D:15)
  3 deep elf magi (Elf:1)
  An ugly thing (D:15)
  A spriggan zombie (D:15)
  A yaktaur (Vaults:4)
  A hornet (Swamp:3)
  2 spriggans (Swamp:3)
  2 humans (D:15)
  A naga (Snake:1)
  An orc warrior (D:9)
  A swamp drake (Swamp:3)
  3 ogres
  A centaur (Vaults:3)
  A bullfrog (D:15)
  A small abomination (Abyss:2)
  An orc priest (D:9)
  An orc (D:9)
  A quokka (D:9)
  A crawling corpse (Elf:3)
  31 fungi
  A lurking horror (Abyss:2)
  100 plants
  2 starspawn tentacles (Abyss:2)
  17 withered plants
180 creatures vanquished.

Grand Total: 2606 creatures vanquished

Notes
Turn   | Place    | Note
-------+----------+-------------------------------------------
     0 | D:1      | kae the Naga Transmuter began the quest for the Orb.
     0 | D:1      | Reached XP level 1. HP: 18/18 MP: 3/3
   194 | D:1      | Reached XP level 2. HP: 16/25 MP: 3/5
   756 | D:1      | Reached XP level 3. HP: 31/31 MP: 4/6
   761 | D:1      | Learned a level 3 spell: Spider Form
  1125 | D:2      | Found a faded altar of an unknown god.
  1391 | D:2      | Found a bloodstained altar of Trog.
  1395 | D:2      | Reached skill level 1 in Poison Magic
  1420 | D:2      | Found a hazy altar of Hepliaklqana.
  1421 | D:2      | Found a basalt altar of Yredelemnul.
  1461 | D:2      | Reached XP level 4. HP: 14/38 MP: 2/7
  2139 | D:2      | Found a stormy altar of Qazlal.
  2139 | D:2      | Found a sacrificial altar of Ru.
  2223 | D:3      | Reached XP level 5. HP: 44/44 MP: 3/9
  3135 | D:4      | Reached XP level 6. HP: 31/51 MP: 8/10
  3342 | D:4      | Found a sand-covered staircase.
  3347 | Ossuary  | Entered an ossuary
  3478 | Ossuary  | Learned a level 5 spell: Blade Hands
  3514 | Ossuary  | Reached skill level 4 in Unarmed Combat
  4043 | Ossuary  | Reached XP level 7. HP: 45/57 MP: 8/12
  4815 | D:4      | Noticed Eustachio
  4831 | D:4      | Killed Eustachio
  4831 | D:4      | Reached skill level 5 in Transmutations
  4982 | D:4      | Found a radiant altar of Vehumet.
  4982 | D:4      | Found a burning altar of Makhleb.
  5574 | D:4      | Found a blossoming altar of Fedhas.
  5686 | D:4      | Found a white marble altar of Elyvilon.
  5781 | D:5      | Entered Level 5 of the Dungeon
  5870 | D:5      | Reached XP level 8. HP: 56/64 MP: 10/14
  5992 | D:5      | Found an iron altar of Okawaru.
  6075 | D:5      | Found a shimmering blue altar of Sif Muna.
  6128 | D:5      | Reached skill level 5 in Unarmed Combat
  6249 | D:5      | Found a runed translucent door.
  6250 | D:5      | Noticed Crazy Yiuf
  6755 | D:5      | Found a sparkling altar of Nemelex Xobeh.
  6851 | D:5      | Killed Crazy Yiuf
  6906 | D:6      | Noticed Pikel
  6917 | D:6      | Killed Pikel
  6917 | D:6      | Reached skill level 6 in Unarmed Combat
  7252 | D:6      | Reached XP level 9. HP: 55/70 MP: 8/15
  7820 | D:7      | Found Fethre's Antique Armour Emporium.
  7903 | D:6      | Learned a level 4 spell: Ice Form
  8017 | D:7      | Reached skill level 1 in Ice Magic
  8195 | D:7      | Found a staircase to the Ecumenical Temple.
  8282 | D:7      | Reached skill level 7 in Unarmed Combat
  8999 | Temple   | Entered the Ecumenical Temple
  9181 | Temple   | Became a worshipper of Cheibriados the Contemplative
  9470 | D:8      | Found a shimmering blue altar of Sif Muna.
 10300 | D:9      | Reached skill level 10 in Transmutations
 10346 | D:9      | Noticed Psyche
 10354 | D:9      | Killed Psyche
 10354 | D:9      | Reached skill level 8 in Unarmed Combat
 10354 | D:9      | Reached XP level 10. HP: 77/80 MP: 6/16
 10368 | D:9      | Reached * piety under Cheibriados
 10680 | D:9      | Noticed a cyclops
 10687 | D:9      | Killed a cyclops
 10934 | D:9      | Found a shimmering altar of Xom.
 11044 | D:9      | Found a staircase to the Lair.
 11044 | D:9      | Noticed an elephant
 11073 | D:9      | Killed an elephant
 11203 | D:9      | Reached skill level 5 in Fighting
 11629 | D:10     | Entered Level 10 of the Dungeon
 11629 | D:10     | Noticed an oklob plant
 11656 | D:10     | Reached ** piety under Cheibriados
 11751 | D:10     | Noticed Joseph
 11762 | D:10     | Killed Joseph
 11762 | D:10     | Reached skill level 5 in Dodging
 11792 | D:10     | Noticed Fannar
 11807 | D:10     | Killed Fannar
 11807 | D:10     | Reached XP level 11. HP: 99/99 MP: 11/17
 11973 | D:10     | Noticed a two-headed ogre
 11982 | D:10     | Killed a two-headed ogre
 12075 | D:10     | Found a staircase to the Orcish Mines.
 12314 | D:10     | Reached *** piety under Cheibriados
 12424 | D:10     | Noticed Harold
 12435 | D:10     | Killed Harold
 12603 | D:10     | Noticed an oklob plant
 13196 | D:11     | Noticed a cyclops
 13203 | D:11     | Killed a cyclops
 13262 | D:11     | You fall into a shaft and drop 1 floor!
 13412 | D:11     | Reached **** piety under Cheibriados
 13923 | D:11     | Noticed a frost giant
 13923 | D:11     | Noticed a storm dragon
 13925 | D:11     | Noticed a tengu reaver
 14082 | D:11     | Found Rylob's Distillery.
 14128 | D:11     | Bought 3 potions of lignification for 126 gold pieces
 14217 | Lair:1   | Entered Level 1 of the Lair of Beasts
 14562 | Lair:1   | Reached ***** piety under Cheibriados
 14569 | Lair:1   | Reached XP level 12. HP: 114/114 MP: 12/18
 15581 | Lair:2   | Noticed a five-headed hydra
 15587 | Lair:2   | Killed a five-headed hydra
 15674 | Lair:2   | Reached skill level 9 in Unarmed Combat
 15684 | Lair:2   | Reached skill level 10 in Fighting
 16127 | Lair:2   | Noticed a five-headed hydra
 16134 | Lair:2   | Killed a five-headed hydra
 17334 | Lair:3   | Found a transporter.
 17356 | Lair:3   | Reached skill level 10 in Unarmed Combat
 17490 | Lair:3   | Found a transporter.
 18131 | Lair:3   | Noticed a catoblepas
 18138 | Lair:3   | Noticed a death yak
 18142 | Lair:3   | Killed a catoblepas
 18148 | Lair:3   | Killed a death yak
 18148 | Lair:3   | Reached skill level 10 in Dodging
 18148 | Lair:3   | Gained mutation: You can use your snake-like lower body to
                  | constrict enemies. [Naga growth]
 18148 | Lair:3   | Reached XP level 13. HP: 121/123 MP: 12/19
 18721 | Lair:4   | Reached skill level 5 in Invocations
 18939 | Lair:4   | Reached ****** piety under Cheibriados
 19390 | Lair:4   | Found a staircase to the Snake Pit.
 19610 | Lair:4   | Reached skill level 1 in Armour
 19761 | Lair:4   | Found a staircase to the Swamp.
 20290 | Lair:5   | Reached skill level 5 in Armour
 20694 | Lair:5   | Reached skill level 1 in Stealth
 20851 | Lair:5   | Reached skill level 5 in Stealth
 20936 | Lair:5   | You fall into a shaft and drop 1 floor!
 20936 | Lair:6   | Entered Level 6 of the Lair of Beasts
 20936 | Lair:6   | Noticed a fire dragon
 20974 | Lair:6   | Reached XP level 14. HP: 74/132 MP: 1/20
 21305 | Lair:6   | Reached skill level 10 in Stealth
 21662 | Lair:6   | Reached skill level 5 in Spellcasting
 22286 | Lair:5   | Found a staircase to the Slime Pits.
 22286 | Lair:5   | Found a viscous altar of Jiyva.
 23019 | Lair:6   | Reached skill level 1 in Evocations
 23705 | Lair:6   | Reached skill level 5 in Evocations
 24078 | Lair:6   | Noticed a dire elephant
 24085 | Lair:6   | Killed a dire elephant
 24687 | D:9      | Identified a scroll of acquirement
 24687 | D:9      | Acquired a +0 barding of cold resistance
 25099 | D:11     | Killed a tengu reaver
 25289 | D:11     | Noticed Urug
 25296 | D:11     | Killed Urug
 25439 | D:11     | Killed a storm dragon
 25453 | D:11     | Killed a frost giant
 25453 | D:11     | Reached XP level 15. HP: 72/138 MP: 10/25
 26154 | D:12     | Reached skill level 11 in Unarmed Combat
 28330 | D:13     | Found a gate to the Vaults.
 29177 | D:14     | Noticed Jorgrun
 29184 | D:14     | Killed Jorgrun
 29184 | D:14     | Reached skill level 12 in Unarmed Combat
 30208 | D:14     | Noticed Louise
 30214 | D:14     | Cast into level 2 of the Abyss (Louise)
 30222 | D:14     | Escaped the Abyss
 30231 | D:14     | Killed Louise
 30407 | D:15     | Entered Level 15 of the Dungeon
 30435 | D:15     | Noticed Rupert
 30449 | D:15     | Killed Rupert
 30963 | D:15     | Noticed Azrael
 30976 | D:15     | Killed Azrael
 31324 | D:15     | Reached XP level 16. HP: 139/145 MP: 21/26
 31513 | D:15     | Reached skill level 13 in Unarmed Combat
 31923 | D:15     | Found a staircase to the Depths.
 32124 | D:15     | Noticed Kirke
 32144 | D:15     | Killed Kirke
 32705 | D:15     | Found Naerrun's Gadget Emporium.
 32966 | Orc:1    | Entered Level 1 of the Orcish Mines
 33155 | Orc:2    | Entered Level 2 of the Orcish Mines
 33158 | Orc:2    | Found Hiwotargh's Book Shoppe.
 33172 | Orc:2    | Bought a book of Transfigurations for 825 gold pieces
 33179 | Orc:2    | Learned a level 6 spell: Statue Form
 33185 | Orc:2    | Learned a level 5 spell: Irradiate
 33280 | Orc:2    | Found Ifevouru's Magic Scroll Shoppe.
 33370 | Orc:2    | Found Ruczo's Antique Weapon Boutique.
 33442 | Orc:2    | Reached skill level 1 in Earth Magic
 34166 | Orc:2    | Found a staircase to the Elven Halls.
 34173 | Orc:2    | Found Pesott's Distillery.
 34253 | Orc:2    | Found Hyra's Jewellery Shoppe.
 34253 | Orc:2    | Found Tiezaeli's Armour Shop.
 34255 | Orc:2    | Found Vupaosko's General Store.
 34257 | Orc:2    | Found Poakom's General Store.
 34609 | Orc:2    | Identified the Handbook of Hurtful Envenoming
 34612 | Orc:2    | Identified the Grimoire of Necromancy and Summoning
 34636 | Orc:2    | Identified the Collected Works on Stolen Souls
 34816 | Orc:1    | Found a roughly hewn altar of Beogh.
 35279 | Swamp:1  | Entered Level 1 of the Swamp
 35347 | Swamp:1  | Found a frozen archway.
 35358 | IceCv    | Entered an ice cave
 35723 | IceCv    | Noticed an Ice Fiend
 35729 | IceCv    | Killed an Ice Fiend
 35924 | IceCv    | Reached skill level 14 in Unarmed Combat
 36760 | Swamp:2  | Reached skill level 5 in Earth Magic
 37071 | Swamp:2  | Reached XP level 17. HP: 152/152 MP: 26/29
 37368 | Swamp:2  | Found a transporter.
 37458 | Swamp:2  | You fall into a shaft and drop 1 floor!
 39279 | Swamp:2  | Found a transporter.
 40117 | Swamp:2  | Got a pair of brightly glowing gloves
 40128 | Swamp:2  | Identified the +0 pair of gloves of Casiwul {Rampage Dex+4}
                  | (You found it on level 2 of the Swamp)
 40182 | Swamp:4  | Entered Level 4 of the Swamp
 40329 | Swamp:3  | Reached XP level 18. HP: 54/164 MP: 7/31
 40887 | Swamp:4  | Reached skill level 15 in Unarmed Combat
 41020 | Swamp:4  | Got a decaying rune of Zot
 41430 | Snake:1  | Entered Level 1 of the Snake Pit
 41489 | Snake:1  | Noticed Aizul
 41497 | Snake:1  | Killed Aizul
 42412 | Snake:1  | Noticed Nikola
 42417 | Snake:1  | Noticed Asterion
 42427 | Snake:1  | Killed Asterion
 42434 | Snake:1  | Killed Nikola
 42923 | Snake:2  | Found a white marble altar of Elyvilon.
 43410 | Snake:2  | Noticed Roxanne
 43420 | Snake:2  | Killed Roxanne
 44246 | Snake:3  | Found Kudonuyx's Gadget Emporium.
 44774 | Snake:3  | Found Esios's Gadget Boutique.
 45446 | Snake:4  | Entered Level 4 of the Snake Pit
 45680 | Snake:4  | Reached skill level 16 in Unarmed Combat
 45681 | Snake:4  | Reached XP level 19. HP: 131/176 MP: 21/32
 47539 | Snake:4  | Reached skill level 17 in Unarmed Combat
 47829 | Snake:4  | Reached XP level 20. HP: 191/191 MP: 28/33
 48108 | Snake:4  | Got a serpentine rune of Zot
 48219 | Snake:4  | Acquired 604 gold pieces
 48522 | Elf:1    | Entered Level 1 of the Elven Halls
 48590 | Elf:1    | Found a radiant altar of Vehumet.
 48771 | Elf:1    | Found a runed translucent door.
 48771 | Elf:1    | Noticed Dyalist's ghost (legendary GnFi)
 48898 | Elf:1    | Found Cacriuso's Gadget Shoppe.
 49713 | Elf:1    | Identified Sif Muna's Guide on Combat Magic and the
                  | Entourage
 49825 | Elf:2    | Found a runed translucent gate.
 49825 | Elf:2    | Found a runed translucent gate.
 49825 | Elf:2    | Found a runed translucent gate.
 50071 | Elf:2    | Found Hucoke's Weapon Shop.
 50251 | Elf:2    | Reached skill level 15 in Fighting
 50315 | Elf:2    | Found Noipt's Antique Armour Boutique.
 50318 | Elf:2    | Found Vuciah's Antique Weapon Boutique.
 51430 | Elf:1    | Killed Dyalist's ghost
 52245 | Vaults:1 | Entered Level 1 of the Vaults
 52282 | Vaults:1 | Reached skill level 18 in Unarmed Combat
 52420 | Vaults:1 | Reached XP level 21. HP: 203/203 MP: 27/34
 52457 | Vaults:1 | Noticed Donald
 52463 | Vaults:1 | Killed Donald
 52688 | Vaults:1 | Found a huge runed gate.
 52688 | Vaults:1 | Found a huge runed gate.
 52688 | Vaults:1 | Found a huge runed gate.
 52688 | Vaults:1 | Found a huge runed gate.
 52688 | Vaults:1 | Found a huge runed gate.
 52688 | Vaults:1 | Found a huge runed gate.
 52688 | Vaults:1 | Found a huge runed gate.
 52688 | Vaults:1 | Found a huge runed gate.
 52688 | Vaults:1 | Found a huge runed gate.
 52688 | Vaults:1 | Found a huge runed gate.
 52688 | Vaults:1 | Found a huge runed gate.
 52689 | Vaults:1 | Found a huge runed gate.
 52709 | Vaults:1 | Found a huge runed gate.
 52710 | Vaults:1 | Found a huge runed gate.
 52711 | Vaults:1 | Found a huge runed gate.
 52719 | Vaults:1 | Found a huge runed gate.
 52719 | Vaults:1 | Found a huge runed gate.
 52719 | Vaults:1 | Found a huge runed gate.
 52719 | Vaults:1 | Found a huge runed gate.
 52719 | Vaults:1 | Found a huge runed gate.
 52719 | Vaults:1 | Found a huge runed gate.
 52719 | Vaults:1 | Found a huge runed gate.
 52721 | Vaults:1 | Found a huge runed gate.
 52722 | Vaults:1 | Found a huge runed gate.
 53217 | Vaults:1 | Found a huge runed gate.
 53217 | Vaults:1 | Found a huge runed gate.
 53217 | Vaults:1 | Found a huge runed gate.
 53217 | Vaults:1 | Found a huge runed gate.
 53217 | Vaults:1 | Found a huge runed gate.
 53217 | Vaults:1 | Found a huge runed gate.
 53218 | Vaults:1 | Found a huge runed gate.
 53240 | Vaults:1 | Found a huge runed gate.
 53241 | Vaults:1 | Found a huge runed gate.
 53249 | Vaults:1 | Found a huge runed gate.
 53249 | Vaults:1 | Found a huge runed gate.
 53249 | Vaults:1 | Found a huge runed gate.
 53478 | Vaults:1 | Cast into level 2 of the Abyss (hell knight)
 53628 | Abyss:2  | Found a corrupted altar of Lugonu.
 53716 | Abyss:2  | Found a corrupted altar of Lugonu.
 54183 | Vaults:1 | Escaped the Abyss
 54188 | Vaults:1 | Reached skill level 15 in Dodging
 54663 | Vaults:2 | Found Soettoul's Antique Weapon Boutique.
 54694 | Vaults:2 | Found a staircase to the Crypt.
 54722 | Vaults:2 | Noticed Mennas
 54732 | Vaults:2 | Killed Mennas
 54732 | Vaults:2 | Reached skill level 19 in Unarmed Combat
 54935 | Vaults:2 | Reached XP level 22. HP: 215/215 MP: 29/35
 55126 | Vaults:2 | Noticed Margery
 55135 | Vaults:2 | Killed Margery
 55979 | Vaults:2 | Learned a level 7 spell: Dragon Form
 57772 | Vaults:4 | Found Muvosh's Jewellery Shop.
 58494 | Vaults:4 | Reached XP level 23. HP: 225/225 MP: 28/36
 58799 | Vaults:4 | Found Ykkuh's Armour Boutique.
 58799 | Vaults:4 | Found Ezomad's Antique Weapon Boutique.
 58859 | Vaults:4 | Found Qeahu's Antique Armour Boutique.
 59043 | Vaults:5 | Entered Level 5 of the Vaults
 59047 | Vaults:5 | Noticed a golden dragon
 59170 | Vaults:4 | Reached skill level 10 in Invocations
 59265 | Vaults:5 | Noticed a golden dragon
 59270 | Vaults:4 | Killed a golden dragon
 59353 | Vaults:4 | Killed a golden dragon
 59353 | Vaults:4 | Reached skill level 20 in Unarmed Combat
 59594 | Vaults:5 | Reached skill level 15 in Transmutations
 60160 | Vaults:5 | Identified the ring of Zuhup {rElec Int+2 Dex+3 SInv}
 60216 | Vaults:5 | Noticed a golden dragon
 60222 | Vaults:5 | Noticed an ancient lich
 60688 | Vaults:5 | Reached XP level 24. HP: 238/238 MP: 31/36
 60708 | Vaults:5 | Identified Hiwi's Collected Works on Changing
 60800 | Vaults:5 | HP: 11/309 [tengu reaver/+0 glaive (20)]
 60811 | Vaults:5 | HP: 5/309 [tengu reaver/+0 glaive (14)]
 61171 | Vaults:5 | Killed an ancient lich
 61676 | Vaults:5 | Found Godifuf's Magic Scroll Boutique.
 61687 | Vaults:5 | Got a silver rune of Zot
 61733 | Vaults:5 | Found Yfatoroe's Magic Scroll Shoppe.
 61751 | Vaults:5 | Found Wafasa's Magic Scroll Boutique.
 61944 | Vaults:5 | Found Vemnyeczi's Magic Scroll Emporium.
 61962 | Vaults:5 | Bought a scroll of acquirement for 676 gold pieces
 62262 | D:13     | Acquired the amulet "Dent" {Reflect MP+9 SH+5}
 62392 | Depths:1 | Entered Level 1 of the Depths
 62878 | Depths:1 | Found Iluiqoz's Book Emporium.
 62878 | Depths:1 | Found Fasenex's Assorted Antiques.
 62883 | Depths:1 | Found Gaimix's Distillery.
 62968 | Depths:1 | Found Reocramm's Magic Scroll Emporium.
 62985 | Depths:1 | Bought a scroll labeled GOSOGE RUODA for 26 gold pieces
 63242 | Depths:1 | Found a shimmering blue altar of Sif Muna.
 63280 | Depths:1 | Gained mutation: Your magical capacity is low. (-10% MP) [a
                  | neqoxec]
 63553 | Depths:1 | Identified Dispater's Tome of Slavery
 63667 | Depths:1 | Found a gateway to Hell.
 63678 | Depths:1 | Reached skill level 21 in Unarmed Combat
 63757 | Depths:1 | Reached XP level 25. HP: 249/249 MP: 32/32
 65889 | Depths:3 | Got a heavily runed steel amulet
 66006 | Depths:3 | Found a runed translucent door.
 66006 | Depths:3 | Found a runed translucent door.
 66104 | Depths:3 | Found a one-way gate to the infinite horrors of the Abyss.
 66179 | Depths:3 | Noticed a juggernaut
 66187 | Depths:3 | Killed a juggernaut
 66251 | Depths:3 | Found a runed translucent door.
 66295 | Depths:3 | Found a blossoming altar of Fedhas.
 66488 | Depths:3 | Reached XP level 26. HP: 261/261 MP: 32/32
 66631 | Depths:3 | Reached skill level 22 in Unarmed Combat
 66679 | Depths:3 | Found a one-way gate leading to the halls of Pandemonium.
 66836 | Depths:3 | Found a gateway to a ziggurat.
 67162 | Depths:3 | Paralysed by a floating eye for 2 turns
 67424 | Depths:3 | Found a runed translucent door.
 67498 | Depths:3 | Found a runed translucent door.
 67740 | Depths:3 | Identified the amulet of Qaubbahu {Spirit rC- MP+9 Dex+4}
                  | (You found it on level 3 of the Depths)
 68857 | Depths:4 | Found a glowing golden altar of the Shining One.
 69411 | Depths:5 | Entered Level 5 of the Depths
 69732 | Depths:5 | Reached XP level 27. HP: 249/273 MP: 32/32
 69775 | Depths:5 | Found a gate to the Realm of Zot.
 69785 | Depths:5 | Reached skill level 23 in Unarmed Combat
 70216 | Depths:5 | Found a runed translucent door.
 70216 | Depths:5 | Found a shimmering altar of Xom.
 70216 | Depths:5 | Noticed Vevoth Taqom's ghost (adept SpEn)
 70838 | Depths:5 | Learned a level 5 spell: Yara's Violent Unravelling
 70847 | Depths:5 | Learned a level 8 spell: Necromutation
 71240 | Elf:3    | Entered Level 3 of the Elven Halls
 72071 | Elf:3    | Identified the +10 great mace of Famine {venom, rN+ Int+3}
 72071 | Elf:3    | Identified the +1 robe of the Arcane {MR+}
 72103 | Elf:3    | Identified the +8 falchion of Gutteufa {flame, rN++ Str-4
                  | Int+5}
 72104 | Elf:3    | Identified the +4 spear "Ohis Cyd" {holy, Str-4 Int+6}
 73078 | Elf:3    | Lost mutation: Your magical capacity is low. (-10% MP)
                  | [potion of mutation]
 73078 | Elf:3    | Gained mutation: You are partially covered in large bone
                  | plates. (SH +4) [potion of mutation]
 73078 | Elf:3    | Gained mutation: Your mind is acute. (Int +2) [potion of
                  | mutation]
 73078 | Elf:3    | Gained mutation: You are mostly covered in large bone
                  | plates. (SH +6) [potion of mutation]
 73114 | Elf:3    | Found the -2 hat of the Alchemist {rElec rPois rF+ rC+ rN+
                  | MR+ rMut rCorr}
 73136 | Elf:3    | Identified the Tome of the Mutagenic Escort
 73369 | Orc:2    | Acquired 678 gold pieces
 73621 | Zot:1    | Entered Level 1 of the Realm of Zot
 75104 | Zot:2    | Reached skill level 24 in Unarmed Combat
 75131 | Zot:2    | Noticed an orb of fire
 75136 | Zot:2    | Gained mutation: You possess an exceptional clarity of
                  | mind. [an orb of fire]
 75137 | Zot:2    | Killed an orb of fire
 75757 | Zot:3    | You fall into a shaft and drop 1 floor!
 75833 | Zot:3    | Found a white marble altar of Elyvilon.
 77261 | Zot:5    | Entered Level 5 of the Realm of Zot
 77301 | Zot:5    | Noticed an orb of fire
 77303 | Zot:5    | Killed an orb of fire
 77833 | Zot:5    | Noticed an orb of fire
 77834 | Zot:5    | Noticed an orb of fire
 77838 | Zot:5    | Noticed an orb of fire
 77840 | Zot:5    | Noticed an orb of fire
 77841 | Zot:5    | Gained mutation: Your body sometimes deteriorates upon
                  | taking damage. [an orb of fire]
 77841 | Zot:5    | Gained mutation: Potions are less effective at restoring
                  | your health. [an orb of fire]
 77842 | Zot:5    | Lost mutation: Your mind is acute. (Int +2) [an orb of
                  | fire]
 77843 | Zot:5    | Gained mutation: Your magical capacity is low. (-10% MP)
                  | [an orb of fire]
 77843 | Zot:5    | Lost mutation: You possess an exceptional clarity of mind.
                  | [an orb of fire]
 77848 | Zot:5    | Gained mutation: Your magical capacity is very low. (-20%
                  | MP) [an orb of fire]
 77848 | Zot:5    | Gained mutation: You are resistant to hostile enchantments.
                  | (MR+) [an orb of fire]
 77850 | Zot:5    | HP: 3/367 [orb of fire/fireball (47)]
 77851 | Zot:5    | Killed from afar by an orb of fire

Illustrated notes

Levels and vault maps discovered:
D:1:      dpeg_arrival_radiant, layout_basic, grunt_decor_one_mirror,
          kennysheep_small_spiral, hangedman_decor_growths
D:2:      layout_rooms, nicolae_overflow_hidden_temple,
          chequers_ecumenical_altar_island, hangedman_abyss_or_decor_lesser_grid
D:3:      layout_rooms, kennysheep_generic_room_13
D:4:      layout_rooms, grunt_temple_overflow_lords_of_destruction, minitemple,
          enter_ossuary_5, serial_bayou, serial_bayou_ford_a,
          serial_bayou_pond_a, serial_bayou_pond_d, serial_bayou_lake_a,
          uniq_eustachio
D:5:      layout_gridville, nemelex_xobeh_ov_fountains_minmay,
          nicolae_overflow_crystal_walls, led_sif_pool, uniq_crazy_yiuf_cottage
D:6:      layout_cave_pools, uniq_pikel
D:7:      layout_basic, minmay_temple_entry_purple_smoke, serial_shops, shop,
          chequers_serial_rivers_small_b
D:8:      layout_loops_cross, overflow_temple_1_default, minmay_manual_mares
D:9:      layout_long_grid, xom_confusion_cloud, david_lair_generic, uniq_psyche
D:10:     layout_loops_ring, david_orc_1_choice, disabler_island, uniq_harold,
          uniq_joseph, uniq_fannar
D:11:     minmay_glassy_protrusions, layout_rooms, special_room
          [special_room_orc], serial_shops, shop_statue,
          chequers_serial_rivers_micro_b, uniq_urug
D:12:     layout_irregular_city, minmay_microvault
D:13:     layout_basic, david_vaults_1
D:14:     layout_irregular_city, minmay_misc_feat_square, uniq_louise,
          uniq_jorgrun
D:15:     gammafunk_depths_entry_grave, layout_loops_corners, eino_curves_04,
          serial_shops, shop_fountains, uniq_kirke, uniq_rupert, uniq_azrael
Temple:   compressed_dpeg_triangle_lava_temple
Lair:1:   layout_regular_city, minmay_lair_oklob_chamber
Lair:2:   layout_regular_city, roderic_carrion_pond
Lair:3:   gammafunk_cloud_chamber, layout_cave_pods,
          eino_small_chamber_without_monster, grunt_forest_large_clearing_hut,
          grunt_megastairs_4, lemuel_fruit_tree, infiniplex_staircase_pool_2
Lair:4:   layout_regular_city, palyth_hydra_swamp_entry,
          guppyfry_snake_entry_island
Lair:5:   layout_cave_shapes, slime_altar_1, serial_bayou_pond_b,
          grunt_megastairs_1
Lair:6:   guppyfry_lair_end_dragon, layout_small_grid, hangedman_lair_in_review
Swamp:1:  layout_falls_marsh, portal_ice_cave_entry_pillars_2,
          evilmike_swamp_ruin_house_1, swamp_pool3
Swamp:2:  gammafunk_sealed_arena, layout_basic_swamp,
          evilmike_swamp_ruin_house_2
Swamp:3:  cheibrodos_swamp_mausoleum, layout_basic_swamp,
          evilmike_swamp_ruin_house_3, swamp_pool3
Swamp:4:  swamp_alternative, layout_basic_swamp
Snake:1:  layout_layer_cave, serial_bayou_shore_b, uniq_aizul, uniq_nikola,
          uniq_asterion
Snake:2:  layout_chambers, basic_altar, uniq_roxanne
Snake:3:  layout_onion, serial_shops, nicolae_shop_crystal, shop
Snake:4:  grunt_snake_rune_spirals, layout_onion
Orc:1:    layout_caves, basic_altar
Orc:2:    st_orc_rangers, layout_caves, serial_shops, shop,
          nicolae_shop_crystal, shop, nicolae_shop_stone, minmay_orc_treasury
Elf:1:    eino_elf_arrival_shootout, layout_loops_corners, basic_altar,
          serial_shops, nicolae_shop_behind_doors, ebering_ghost_inner_flame,
          minmay_elf_sorcery
Elf:2:    layout_onion_city, serial_shops, nicolae_shop_crystal, shop,
          shop_statue
Elf:3:    minmay_elf_hall_x, layout_loops_ring
Vaults:1: dpeg_vaults_monster_box, v_misc_4, hangedman_vaults_stream,
          vaults_mumra_chevron_long, ontoclasm_vaults_eye, v_misc_14,
          ontoclasm_vaults_misaligned, nicolae_vaults_network_star, v_misc_4,
          v_misc_13, vaults_not_door_vault_due, vaults_dpeg_ring,
          vaults_room_door_ring, layout_vaults_maze_snakey, uniq_donald
Vaults:2: v_misc_8, minmay_crypt_entry_simple_plaza, vaults_room_fancy_cross,
          grunt_vaults_focal, hangedman_vaults_restitches,
          hangedman_vaults_nails, v_misc_15, grunt_vaults_swirl, v_misc_17,
          v_rooms_4, v_alt_pattern_1, ontoclasm_vaults_idyll,
          ontoclasm_vaults_decontamination, layout_vaults_omnibox, serial_shops,
          shop_statue, uniq_mennas, uniq_margery
Vaults:3: grunt_vaults_hallway_short, nicolae_vaults_ring_of_whatevers,
          v_misc_1, nicolae_vaults_three_branches, vaults_dpeg_encased_lava,
          v_misc_26, ontoclasm_vaults_twist, layout_vaults_omnigrid
Vaults:4: hangedman_vaults_hard_town_square, nicolae_vaults_rhombus_5,
          v_pattern_1, vaults_room_pool, v_misc_18, v_misc_30,
          vaults_room_boxed, vaults_standard_mumra_enter_the_diamond,
          nicolae_vaults_asterisk, nicolae_vaults_yaktaur_gun_rack,
          vaults_room_hallway, layout_vaults_omnicross, serial_shops, shop
Vaults:5: serial_shops
Depths:1: layout_gridlike, hell_entry, st_stairs_9, hex_tiny,
          hangedman_summoners_spam, minmay_shoptagon
Depths:2: minmay_skeletal_surprise, layout_cave_pools, grunt_hell_entry_dis_mu,
          hangedman_decor_peaks_small, kennysheep_generic_room_7,
          serial_bayou_shore_a, infiniplex_staircase_star, serial_bayou_shore_b
Depths:3: minmay_the_grid_ultimate [minmay_the_grid_prize_diamond_cup,
          minmay_the_grid_prize_four_corners_diamond_a,
          minmay_the_grid_prize_four_corners,
          minmay_the_grid_prize_shrinking_boxes,
          minmay_the_grid_square_5x5_tri_point,
          minmay_the_grid_square_5x5_eight_small,
          minmay_the_grid_square_5x5_plus, minmay_the_grid_square_5x5_forky,
          minmay_the_grid_square_5x5_inverted_slash,
          minmay_the_grid_square_5x5_trominoes,
          minmay_the_grid_square_5x5_n_small, minmay_the_grid_square_5x5_empty,
          minmay_the_grid_square_5x5_lines, minmay_the_grid_square_5x5_longway,
          minmay_the_grid_square_5x5_checkered_statues,
          minmay_the_grid_square_5x5_inner_v,
          minmay_the_grid_square_5x5_minibox, minmay_the_grid_square_5x5_inset,
          minmay_the_grid_square_5x5_gyroscope,
          minmay_the_grid_triangle_9x9_zippers_horizontal,
          minmay_the_grid_triangle_9x9_alien,
          minmay_the_grid_triangle_9x9_pentomino_pain,
          minmay_the_grid_triangle_9x9_stretched_checkered,
          minmay_the_grid_triangle_9x9_steps,
          minmay_the_grid_triangle_9x9_tough_junction,
          minmay_the_grid_triangle_9x9_corruption,
          minmay_the_grid_triangle_9x9_descending_squares,
          minmay_the_grid_triangle_9x9_dagger,
          minmay_the_grid_triangle_9x9_shrine,
          minmay_the_grid_triangle_9x9_longest,
          minmay_the_grid_triangle_9x9_sprig,
          minmay_the_grid_triangle_9x9_minimal,
          minmay_the_grid_triangle_9x9_limited_checkers,
          minmay_the_grid_triangle_9x9_fully_insulated_deathbox,
          minmay_the_grid_triangle_9x9_corrupted_corridor,
          minmay_the_grid_square_5x5_fancy_junction,
          minmay_the_grid_octo_fat_diamond, minmay_the_grid_octo_clover,
          minmay_the_grid_octo_chip, minmay_the_grid_octo_horde,
          minmay_the_grid_octo_empty, minmay_the_grid_octo_pinwheel,
          minmay_the_grid_octo_checkered, minmay_the_grid_octo_clover_2,
          minmay_the_grid_gridbox, minmay_the_grid_expand,
          minmay_the_grid_broken_lines, minmay_the_grid_paths], abyss_entry,
          hell_entry, pan_entry
Depths:4: abrahamwl_protected_by_tso_2, layout_cave_pools,
          minmay_misc_feat_room, hangedman_abyss_entry_splay, hell_entry,
          evilmike_butchery, infiniplex_staircase_zigzag_2,
          serial_bayou_shore_b, serial_bayou_shore_b, firewood_loft
Depths:5: grunt_zot_entry_bicorn, layout_cave_shapes, ebering_ghost_xom,
          hellmouth_1, hangedman_abyss_or_decor_slice,
          chequers_serial_rivers_large_a, serial_bayou_shore_b
Zot:1:    layout_cellular_growth, skrybe_zot_glass_1, grunt_megastairs_2
Zot:2:    grunt_zot_stairs_overgrown, layout_misc_corridors
Zot:3:    layout_onion_interference, basic_altar
Zot:4:    layout_misc_corridors, st_small_dragon_hoard_1, st_stairs_12,
          grunt_ministairs_12, kennysheep_underground_church
Zot:5:    layout_basic

Skill      XL: |  1  2  3  4  5  6  7  8  9 10 11 12 13 14 15 16 17 18 19 20 21 22 23 24 25 26 27 |
---------------+----------------------------------------------------------------------------------+-----
Transmutations | 3 4 6 8 10 12 14 15 16 | 16.0
Poison Magic   | 1 2 3 4 |  4.0
Spellcasting   | 3 4 7 8 9 |  9.0
Unarmed Combat | 4 6 8 10 12 14 16 17 18 19 20 21 22 24 | 24.9
Ice Magic      | 4 |  4.0
Dodging        | 2 5 7 10 12 13 14 15 16 17 18 19 21 | 21.0
Fighting       | 6 9 10 11 12 14 15 16 17 18 19 20 21 23 | 23.6
Invocations    | 2 8 9 11 12 | 12.0
Armour         | 7 |  7.0
Stealth        | 8 10 | 10.0
Evocations     | 7 |  7.0
Earth Magic    | 5 8 |  8.0

Action                   |  1- 3 |  4- 6 |  7- 9 | 10-12 | 13-15 | 16-18 | 19-21 | 22-24 | 25-27 || total
-------------------------+-------+-------+-------+-------+-------+-------+-------+-------+-------++-------
Melee: Unarmed           |    68 |   219 |   297 |   465 |   676 |   966 |   806 |   862 |  1183 ||  5542
       Headbutt          |     4 |    13 |     2 |       |       |       |       |       |       ||    19
       Punch             |     1 |     1 |       |     6 |    35 |   130 |   114 |   170 |   212 ||   669
       Constrict         |       |       |       |       |    46 |   211 |   201 |   162 |   216 ||   836
 Cast: Beastly Appendage |    19 |    20 |     3 |       |       |       |       |       |       ||    42
       Spider Form       |     2 |    16 |    37 |       |       |       |       |       |       ||    55
       Ice Form          |       |       |    18 |    60 |    58 |     6 |     1 |       |       ||   143
       Blade Hands       |       |       |     3 |     6 |    46 |    11 |       |       |       ||    66
       Statue Form       |       |       |       |       |       |    98 |    89 |    76 |   101 ||   364
       Irradiate         |       |       |       |       |       |     3 |       |     3 |     1 ||     7
       Dragon Form       |       |       |       |       |       |       |       |       |     1 ||     1
Invok: Slouch            |       |       |       |       |     1 |     1 |       |       |     3 ||     5
       Bend Time         |       |       |       |       |     1 |       |       |       |       ||     1
       Temporal Distorti |       |       |       |       |       |     1 |       |       |       ||     1
 Abil: Spit Poison       |    26 |    16 |    35 |    30 |    53 |       |     3 |     2 |     6 ||   171
Evoke: Wand              |       |       |       |       |       |       |       |       |     1 ||     1
  Use: Scroll            |       |    12 |    10 |     3 |    21 |     9 |     3 |     8 |    17 ||    83
       Potion            |       |     1 |     1 |     1 |     1 |       |       |     7 |     1 ||    12
 Stab: Sleeping          |       |       |     1 |     4 |    11 |    25 |    13 |    10 |    11 ||    75
       Petrified         |       |       |       |       |     3 |       |       |       |       ||     3
       Distracted        |       |       |       |       |       |     5 |     6 |     5 |     9 ||    25
       Confused          |       |       |       |       |       |       |       |       |     1 ||     1
Armor: Robe              |    33 |    16 |    11 |     6 |    74 |    78 |    19 |    29 |    22 ||   288
       Skin              |       |     6 |    22 |    51 |    67 |   621 |   346 |   373 |   493 ||  1979
Dodge: Dodged            |    56 |   137 |   224 |   418 |   927 |  2353 |  1388 |  1787 |  2073 ||  9363
Block: Other             |       |       |       |       |       |       |       |    49 |   479 ||   528
       Reflection        |       |       |       |       |       |       |       |     1 |    31 ||    32

Table legend: (Time is in decaauts)
 A = Elapsed time spent in this place.
 B = Non-inter-level travel time spent in this place.
 C = Inter-level travel time spent in this place.
 D = Time resting spent in this place.
 E = Time spent auto-exploring this place.
 F = Levels seen in this place.
 G = Mean time per level.
                   A        B        C        D        E       F      G
               +--------+--------+--------+--------+--------+-----+--------+
         Total | 138388 | 128897 |   9491 |   9527 | 100500 |  54 | 2562.7 |
       Dungeon |  30289 |  27689 |   2600 |   2276 |  22031 |  15 | 2019.3 |
        Temple |    280 |    226 |     54 |      0 |    224 |   1 |  280.0 |
          Lair |  18266 |  16524 |   1742 |    998 |  14005 |   6 | 3044.3 |
         Swamp |  11359 |  10641 |    718 |    368 |   8708 |   4 | 2839.8 |
     Snake Pit |  14561 |  14031 |    530 |    335 |  11285 |   4 | 3640.2 |
  Orcish Mines |   4733 |   3921 |    812 |    316 |   3024 |   2 | 2366.5 |
   Elven Halls |  10466 |   9440 |   1026 |   1372 |   6424 |   3 | 3488.7 |
        Vaults |  18236 |  17364 |    872 |   1959 |  12558 |   5 | 3647.2 |
        Depths |  17078 |  16192 |    886 |   1015 |  12669 |   5 | 3415.6 |
           Zot |   9154 |   8907 |    247 |    456 |   7201 |   5 | 1830.8 |
         Abyss |   1261 |   1261 |      0 |      0 |    914 |   2 |  630.5 |
       Ossuary |   1411 |   1411 |      0 |    357 |    744 |   1 | 1411.0 |
      Ice Cave |   1288 |   1288 |      0 |     72 |    708 |   1 | 1288.0 |
               +--------+--------+--------+--------+--------+-----+--------+

Top non-repeatable levels by time:
 Snake:4: 5600 daAuts
Depths:3: 5164 daAuts
  Lair:6: 4515 daAuts
Vaults:5: 4308 daAuts
 Swamp:3: 4286 daAuts
Vaults:4: 4081 daAuts
   Elf:1: 4011 daAuts
  Lair:4: 3848 daAuts
    D:15: 3612 daAuts
 Snake:2: 3527 daAuts
    D:13: 3459 daAuts
Vaults:1: 3458 daAuts
   Elf:3: 3409 daAuts
Depths:1: 3402 daAuts
Vaults:3: 3355 daAuts
